 Dungeon Crawl Stone Soup version 0.29.1-2-gbd0b4ee654 (webtiles) character file.

Game seed: 16562901440717296859

42 qeuew the Shooter (level 3, -3/27 HPs)
             Began as a Human Hunter on Nov 6, 2022.
             Succumbed to a goblin's poison
             ... on level 2 of the Dungeon.
             The game lasted 00:02:08 (1061 turns).

qeuew the Shooter (Human Hunter)                    Turns: 1061, Time: 00:02:09

Health: -3/27      AC:  3    Str: 11    XL:     3   Next: 80%
Magic:  3/3        EV: 12    Int:  9    God:
Gold:   119        SH:  0    Dex: 18    Spells: 2/2 levels left

rFire   . . .      SeeInvis .   a - +0 shortbow
rCold   . . .      Faith    .   (shield currently unavailable)
rNeg    . . .      Spirit   .   c - +0 leather armour
rPois   .          Reflect  .   (no helmet)
rElec   .          Harm     .   (no cloak)
rCorr   .          Rampage  .   (no gloves)
Will    .....                   (no boots)
Stlth   ++........              (no amulet)
HPRegen 0.09/turn               (no ring)
MPRegen 0.08/turn               (no ring)

@: lethally poisoned (-3 -> -21)
A: no striking features
a: no special abilities


You were on level 2 of the Dungeon.
You visited 1 branch of the dungeon, and saw 2 of its levels.

You collected 119 gold pieces.

Inventory:

Hand Weapons
 a - a +0 shortbow (weapon)
 g - a +0 dagger
Armour
 c - a +0 leather armour (worn)
Jewellery
 d - a ring of protection from cold
Scrolls
 b - 2 scrolls of immolation
 e - 4 scrolls of identify {unknown}
 i - a scroll of amnesia {unknown}
Potions
 h - a potion of haste {unknown}
 j - a potion of mutation {unknown}


   Skills:
 * Level 2.2 Fighting
 * Level 0.4 Short Blades
 + Level 4.7 Ranged Weapons
 * Level 0.7 Armour
 * Level 2.2 Dodging
 - Level 1.0 Stealth


You had 2 spell levels left.
You didn't know any spells.
Your spell library was empty.

Dungeon Overview and Level Annotations

Branches:
Dungeon (2/15)

Altars:

Annotations:
D:2 Robin


Message History

The goblin hits you with a +0 club. The goblin closely misses you.
The goblin barely misses you.
A hobgoblin comes into view.
The goblin attacks as you move away! The goblin hits you with a +0 club.
The goblin closely misses you. The goblin closely misses you.
The goblin attacks as you move away! The goblin closely misses you.
Robin throws the goblin at you! The goblin hits you with a +0 club.
The goblin attacks as you move away! The goblin completely misses you.
The goblin attacks as you move away! The goblin hits you with a +0 club. x2
The goblin attacks as you move away! The goblin misses you.
The goblin attacks as you move away! The goblin hits you but does no damage.
The hobgoblin no longer looks unusually strong.
The goblin no longer looks unusually strong.
Robin roars a battlecry!
The goblins go into a battle-frenzy!
Robin throws the goblin at you!
The goblin hits you with a +1 dagger of venom.
You are lethally poisoned!
Really attack while wielding your +0 shortbow? [Y]es or [N]o only, please.
Really attack while wielding your +0 shortbow?
Okay, then.
Sorry, you're not good enough to have a special ability.
* * * LOW HITPOINT WARNING * * *
You feel very sick.
Robin roars a battlecry!
The goblin barely misses you. x2
* * * LOW HITPOINT WARNING * * *
You feel very sick.
The goblin no longer looks unusually strong.
The goblin closely misses you.
The goblin hits you with a +1 dagger of venom.
* * * LOW HITPOINT WARNING * * *
You are more poisoned.
Unknown command.
Okay, then.
Unknown command.
Unknown command.
You die...

####### #### #.....# ...##
##### ###.....# . ... #...#
........# ....##)##...#
##......##### ...g.?†.....#
............#
...#.##)g.gg#####.......###.#
#..g.#g.gggg@g.........#.#
########g#######.....#.#.####
#.....##.....<#.#.....
#####....####.#.#####. #....#
..#.#...#. ##...# .....#.#.#.
#...########.#.#.
#####...####.....#.##
...........)........>.


You could see 3 hobgoblins and 7 goblins.

Vanquished Creatures
  An adder (D:2)
  7 ball pythons
  4 bats (D:1)
  3 endoplasms
  3 hobgoblins
  A kobold (D:2)
  A quokka (D:1)
  4 frilled lizards
  6 goblins
  A rat (D:2)
31 creatures vanquished.

Notes
Turn   | Place    | Note
-------+----------+-------------------------------------------
     0 | D:1      | qeuew the Human Hunter began the quest for the Orb.
     0 | D:1      | Reached XP level 1. HP: 16/16 MP: 1/1
   103 | D:1      | Found a faded altar of an unknown god.
   240 | D:1      | Reached XP level 2. HP: 20/22 MP: 2/2
   419 | D:1      | Reached XP level 3. HP: 27/27 MP: 3/3
  1044 | D:2      | Noticed Robin
  1060 | D:2      | HP: 1/27 [goblin/+1 dagger of venom[Robin] (2)]
  1061 | D:2      | Succumbed to a goblin's poison

Illustrated notes

Levels and vault maps discovered:
D:1:      minmay_arrival_doors, layout_rooms, hellmonk_ecumenical_altar_run_dry,
          kennysheep_doodads, minmay_close_crescents
D:2:      layout_basic, minmay_domino_2, uniq_robin

Action                   || total
-------------------------++-------
Melee: Dagger            ||    10
 Fire: Shortbow          ||    74
  Use: Potion            ||     1
Armor: Leather armour    ||    13
       Skin              ||    12
Dodge: Dodged            ||    33
